 Dungeon Crawl Stone Soup version 0.18.1-1-g2f07953 (webtiles) character file.

64 Eucla the Twirler (level 4, 0/28 HPs)
             Began as a Gargoyle Gladiator on May 8, 2016.
             Was a Follower of Ashenzari.
             Killed from afar by Sigmund (10 damage)
             ... with a magic dart
             ... on level 2 of the Dungeon.
             The game lasted 00:01:59 (1242 turns).

Eucla the Twirler (Gargoyle Gladiator)              Turns: 1242, Time: 00:02:00

Health: 0/28       AC: 11    Str: 18    XL:     4   Next: 12%
Magic:  4/4        EV: 10    Int:  9    God:    Ashenzari [*.....]
Gold:   67         SH:  0    Dex: 11    Spells: 0 memorised, 3 levels left

rFire  . . .     SeeInvis .     a - +1 quarterstaff
rCold  . . .     Gourm    .     r - +0 scale mail
rNeg   + . .     Faith    .     (shield currently unavailable)
rPois  ∞         Spirit   .     c - +0 helmet
rElec  +         Dismiss  .     (no cloak)
rCorr  .         Reflect  .     m - +0 pair of gloves
SustAt .         Harm     .     (no boots)
MR     .....                    (no amulet)
Stlth  ..........               (no ring)
                                (no ring)

@: not resistant to hostile enchantments, extremely unstealthy
A: negative energy resistance 1, electricity resistance, unbreathing,
petrification resistance, rot immunity, AC +3
a: Curse Item, Scrying, Renounce Religion


You were on level 2 of the Dungeon.
You worshipped Ashenzari.
Ashenzari was aware of your devotion.
You were not hungry.

You visited 1 branch of the dungeon, and saw 2 of its levels.

You collected 67 gold pieces.

Inventory:

Hand Weapons
 a - a +1 quarterstaff (weapon)
Missiles
 d - 3 throwing nets (quivered)
Armour
 b - a +0 leather armour
 c - a +0 helmet (worn)
 e - a +0 ring mail
 m - a +0 pair of gloves (worn)
 r - a +0 scale mail (worn)
Wands
 q - a wand of lightning (6/15)
Scrolls
 j - a scroll of immolation
 k - a scroll of teleportation
 p - 3 scrolls of identify
Potions
 g - a potion of might {unknown}
 h - a potion of lignification {unknown}
 i - a potion of invisibility {unknown}
 l - 2 potions of curing {unknown}
Comestibles
 f - a bread ration
 n - a beef jerky
 o - a meat ration
 s - a slice of pizza


   Skills:
 + Level 3.2 Fighting
 * Level 4.3 Staves
 - Level 1.7 Throwing
 - Level 2.4 Dodging


You had 3 spell levels left.
You didn't know any spells.

Dungeon Overview and Level Annotations

Branches:
Dungeon (2/15)

Altars:
Ashenzari

Annotations:
D:2 Sigmund


Innate Abilities, Weirdness & Mutations

You are resistant to torment.
Your stone body is resilient (AC +3).
You are immune to poison.
You resist negative energy.
You are resistant to electric shocks.
You can survive without breathing.
You are immune to petrification.
You are immune to rotting.


Message History

You bump into the rock wall.
Sigmund mumbles some strange words.
Sigmund flickers and vanishes!
Deactivating autopickup; reactivate with Ctrl-A.
Unknown command.
Something hits you.
Unknown command.
You bump into the rock wall.
You feel less confused. Something hits you but does no damage.
You hit something. Something hits you but does no damage.
You miss something.
You hear some strange, mumbled words.
A puff of flame appears from out of thin air!
The puff of flame hits you!
You miss something.
You hear some strange, mumbled words.
A magic dart appears from out of thin air!
The magic dart hits you!
You die...

#.##.... #.##.#.#
############.###...
.)........##....... #
#.......#.#...
###...#####.##.##.._..##
...........##.####[####
#..####..##.# #.....
#..{@....##.#####....
#.#####..##..........
#.#.#######.... .###.#
#.... # #.# ##### ##


There were no monsters in sight!

Vanquished Creatures
  2 adders (D:2)
  2 oozes
  3 dart slugs (D:1)
  A giant gecko (D:1)
  3 giant cockroaches
  2 goblins
  3 hobgoblins (D:1)
  2 jackals (D:2)
  5 bats
  3 giant newts
  4 kobolds (D:1)
  3 rats
33 creatures vanquished.

Notes
Turn   | Place    | Note
--------------------------------------------------------------
     0 | D:1      | Eucla the Gargoyle Gladiator began the quest for the Orb.
     0 | D:1      | Reached XP level 1. HP: 12/12 MP: 1/1
   147 | D:1      | Reached XP level 2. HP: 15/18 MP: 2/2
   686 | D:1      | Reached XP level 3. HP: 22/22 MP: 3/3
   868 | D:1      | Reached skill level 4 in Staves
   992 | D:2      | Found a faded altar to an unknown god.
  1018 | D:2      | Became a worshipper of Ashenzari the Shackled
  1018 | D:2      | Reached * piety under Ashenzari
  1113 | D:2      | Found a shattered altar of Ashenzari.
  1129 | D:2      | Reached XP level 4. HP: 26/28 MP: 4/4
  1221 | D:2      | Noticed Sigmund
  1242 | D:2      | Killed from afar by Sigmund

Skill      XL: |  1  2  3 |
---------------+----------+-----
Staves         | 4 |  4.3
Fighting       | 3 |  3.2
Throwing       | |  1.7
Dodging        | |  2.4

Action                   |  1- 3 |  4- 6 || total
-------------------------+-------+-------++-------
Melee: Quarterstaff      |    83 |    10 ||    93
  Use: Scroll            |     4 |       ||     4
  Eat: Chunk             |       |     1 ||     1
Armor: Leather armour    |    23 |       ||    23
       Ring mail         |    10 |       ||    10
       Scale mail        |     8 |     5 ||    13
Dodge: Dodged            |    54 |     6 ||    60
